 Dungeon Crawl Stone Soup version 0.32-a0-30-gefbe487952 (webtiles) character file.

Game seed: 2740412784101641292

10172 pazhot the Cleaver (level 11, -6/95 HPs)
             Began as a Hill Orc Fighter on Jan 19, 2024.
             Was a Priest of Beogh (penitent).
             Mangled by an ogre
             ... wielding a +0 giant club
             ... led by the wrath of Beogh
              (16 damage)
             ... on level 10 of the Dungeon.
             The game lasted 00:34:00 (11033 turns).

pazhot the Cleaver (Hill Orc Fighter)              Turns: 11033, Time: 00:34:02

Health: -6/95      AC: 19    Str: 24    XL:     11   Next: 58%
Magic:  0/11       EV: 11    Int:  8    God:    Beogh [***...]
Gold:   661        SH:  5    Dex: 10    Spells: 10/10 levels left

rFire   . . .        a - +1 war axe (flame)
rCold   + . .        c - +0 buckler
rNeg    . . .        u - +7 Kryia's mail coat {PotionHeal*2 rC+}
rPois   .            (no helmet)
rElec   .            z - +1 cloak
rCorr   .            n - +0 pair of gloves
SInv    .            (no boots)
Will    ++...        H - amulet of guardian spirit Stlth
                     o - ring of willpower
HPRegen 0.35/turn    (no ring)
MPRegen 0.12/turn

%: guardian spirit
@: enlightened, flying
A: no striking features
a: Renounce Religion


You were on level 10 of the Dungeon.
You worshipped Beogh.
Beogh was demanding penance.
You visited 1 branch of the dungeon, and saw 10 of its levels.

You collected 661 gold pieces.

Inventory:

Hand Weapons
 a - a +1 war axe of flaming (weapon)
Missiles
 k - 4 javelins (quivered)
 w - a throwing net
Armour
 c - a +0 buckler (worn)
 n - a +0 pair of gloves (worn)
 u - the +7 Kryia's mail coat (worn) {PotionHeal*2 rC+}
   (You found it on level 3 of the Dungeon)

   PotionHeal*2: Potions heal its wearer twice as much.
   rC+:       It protects you from cold.
 z - a +1 cloak (worn)
 M - +0 acid dragon scales
Jewellery
 m - an amulet of the acrobat
 o - a ring of willpower (left hand)
 s - a +6 ring of strength
 v - an amulet of reflection
 H - an amulet of guardian spirit (around neck)
 I - an amulet of magic regeneration
Wands
 p - a wand of polymorph (17)
 r - a wand of flame (17)
 y - a wand of iceblast (22)
 E - a wand of mindburst (13)
 F - a wand of light (8)
Scrolls
 b - a scroll of blinking
 e - 4 scrolls of immolation
 f - 3 scrolls of enchant weapon
 g - 3 scrolls of fog
 h - a scroll of revelation
 l - a scroll of identify
 C - a scroll of brand weapon
 K - 2 scrolls of teleportation
 L - a scroll of amnesia
Potions
 d - 3 potions of might
 i - 2 potions of enlightenment
 j - a potion of magic {unknown}
 q - 3 potions of heal wounds
 t - a potion of haste {unknown}
 x - 2 potions of resistance
 A - 2 potions of lignification
 B - 2 potions of mutation
 D - a potion of berserk rage {unknown}
 G - a potion of invisibility {unknown}
 J - 2 potions of brilliance {unknown}


   Skills:
 + Level 8.5 Fighting
 + Level 14.6 Axes
 + Level 9.2 Armour
 + Level 4.5 Dodging
 + Level 1.8 Stealth
 + Level 8.6 Shields
 + Level 1.8 Evocations


You had 10 spell levels left.
You didn't know any spells.
Your spell library contained the following spells:

 Spells                   Type           Power      Damage    Failure   Level
 Dazzling Flash           Conj/Hex       0%         N/A       97%         3
 Mephitic Cloud           Conj/Alch/Air  0%         N/A       97%         3
 Anguish                  Hex/Necr       0%         N/A       100%        4
 Cause Fear               Hex            0%         N/A       100%        4
 Curse of Agony           Necr           0%         N/A       100%        5
 Silence                  Hex/Air        0%         N/A       100%        5
 Enfeeble                 Hex            0%         N/A       100%        7


Dungeon Overview and Level Annotations

Branches:
Dungeon (10/15)            Temple (0/1) D:5            Lair (0/5) D:10
    Orc (0/2) D:10

Altars:
Ashenzari
Cheibriados
Dithmenos
Elyvilon
Fedhas
Kikubaaqudgha
Makhleb
Nemelex Xobeh
Okawaru
Ru
Trog
Zin
The Shining One

Shops:
D:5 (   D:7 =

Annotations:
D:9 2 runed translucent doors


Message History

The orc warrior hits you with a +0 scimitar.
You slash the orc warrior! You burn the orc warrior.
The orc warrior is heavily wounded.
You closely miss the orc.
You hit the orc warlord but do no damage.
You hit the orc warrior. You burn the orc warrior. You hit the ogre.
You burn the ogre. You hit the orc warrior. You burn the orc warrior.
The orc warrior is severely wounded.
You hit the ogre. You burn the ogre. You barely miss the orc.
You hit the orc warlord. You burn the orc warlord. You slash the orc warrior!
You burn the orc warrior.
The orc warlord hits you with a +1 great sword of freezing!
The orc warlord freezes you. The orc hits you but does no damage.
The orc warrior barely misses you. You block the ogre's attack.
You hit the orc warlord. You burn the orc warlord.
The orc warlord is moderately wounded.
You closely miss the orc warrior. You slash the ogre! You burn the ogre.
You hit the orc but do no damage. You hit the orc. You burn the orc.
You hit the orc warrior. You burn the orc warrior.
The orc warlord hits you with a +1 great sword of freezing!
* * * LOW HITPOINT WARNING * * *
The orc warlord freezes you. You block the orc's attack.
The orc warrior hits you with a +0 flail!
* * * LOW HITPOINT WARNING * * *
The ogre hits you with a +0 giant club!
* * * LOW HITPOINT WARNING * * *
Unknown command.
Unknown command.
Unknown command.
You block the orc's attack.
You closely miss the orc warrior.
The orc warrior is severely wounded.
You barely miss the orc. You hit the orc. You burn the orc.
You kill the orc!
That felt strangely unrewarding.
You barely miss the ogre. You hit the orc warlord. You burn the orc warlord.
The orc warrior barely misses you. The ogre hits you with a +0 giant club!
You die...
Beogh appreciates the ogre's killing of a heretic priest.

#.#.#...#
#########################
#.~...#..................
#≈...$#......[......)....
#..$.......?.....##....).
#...............!...>..))
#.)).oo................
#.)).)oo..........!...!
#.!.oO@o...............
#######################


You could see an orc warlord, 3 orc warriors, an ogre and 2 orcs.

Vanquished Creatures
  Fannar (D:10)
  Harold (D:10)
  Joseph (D:8)
  Psyche (D:8)
  A troll (D:8)
  Prince Ribbit (D:8)
  2 shadows
  10 yaks
  2 wraiths
  4 steam dragons
  An acid dragon (D:10)
  Duvessa (D:4)
  8 water moccasins
  An ice beast (D:5)
  4 orc warriors
  A swamp drake (D:10)
  3 black bears
  3 sky beasts (D:8)
  2 ogres (D:5)
  5 centaurs
  3 kobold brigands (D:9)
  A scorpion (D:4)
  5 bullfrogs
  Dowan (D:4)
  12 killer bees
  5 electric eels (D:8)
  A bombardier beetle (D:6)
  9 orc priests
  2 gnoll boudas
  8 hounds
  3 jellies
  Ijyb (D:5)
  2 sleepcaps
  Natasha (thrice) (D:2)
  3 iguanas
  7 orc wizards
  12 gnolls
  10 adders
  A shadow imp (D:6)
  2 white imps
  3 dart slugs
  3 ribbon worms
  37 orcs
  11 bats
  6 endoplasms
  3 giant cockroaches
  8 goblins
  6 hobgoblins
  7 jackals
  16 kobolds
  3 quokkas
  3 ball pythons
  7 frilled lizards
  10 rats
267 creatures vanquished.

Vanquished Creatures (collateral kills)
  A gnoll sergeant (D:10)
  An electric eel (D:8)
  2 orc priests
  An orc wizard (D:8)
  A gnoll (D:10)
  2 orcs (D:10)
8 creatures vanquished.

Vanquished Creatures (others)
  3 orc priests
  An orc warrior (D:10)
  2 orc wizards
  A shadow imp (D:5)
  8 orcs
15 creatures vanquished.

Grand Total: 290 creatures vanquished

Notes
Turn   | Place    | Note
-------+----------+-------------------------------------------
     0 | D:1      | pazhot the Hill Orc Fighter began the quest for the Orb.
     0 | D:1      | Reached XP level 1. HP: 19/19 MP: 1/1
   156 | D:1      | Reached skill level 3 in Axes
   156 | D:1      | Reached XP level 2. HP: 26/27 MP: 2/2
   578 | D:1      | Reached XP level 3. HP: 33/33 MP: 3/3
  1311 | D:2      | Noticed Natasha
  1324 | D:2      | Killed Natasha
  1325 | D:2      | Reached skill level 4 in Axes
  1325 | D:2      | Reached XP level 4. HP: 12/40 MP: 4/4
  1693 | D:2      | Noticed Natasha
  1706 | D:2      | Killed Natasha
  1918 | D:2      | Noticed Natasha
  1926 | D:2      | Killed Natasha
  1927 | D:2      | Reached XP level 5. HP: 25/46 MP: 5/5
  2111 | D:3      | Found the +7 Kryia's mail coat {PotionHeal*2 rC+}
  2183 | D:3      | Found a snail-covered altar of Cheibriados.
  2378 | D:3      | Found an ancient bone altar of Kikubaaqudgha.
  2381 | D:3      | Found a blossoming altar of Fedhas.
  2469 | D:3      | Reached skill level 1 in Stealth
  2615 | D:3      | Reached skill level 5 in Armour
  2615 | D:3      | Reached XP level 6. HP: 46/53 MP: 6/6
  2753 | D:3      | Reached skill level 5 in Axes
  2779 | D:3      | Found a sacrificial altar of Ru.
  3157 | D:4      | Became a worshipper of Beogh the Brigand
  3354 | D:4      | Noticed Duvessa
  3358 | D:4      | Noticed Dowan
  3373 | D:5      | Entered Level 5 of the Dungeon
  3568 | D:4      | Killed Duvessa
  3569 | D:4      | Reached skill level 1 in Dodging
  3570 | D:4      | Killed Dowan
  3571 | D:4      | Reached skill level 5 in Fighting
  3571 | D:4      | Reached skill level 6 in Axes
  3571 | D:4      | Reached XP level 7. HP: 30/61 MP: 7/7
  4137 | D:4      | Reached skill level 7 in Axes
  4217 | D:4      | Found a shadowy altar of Dithmenos.
  4334 | D:5      | You fall into a shaft and drop 3 floors!
  4375 | D:8      | Reached XP level 8. HP: 62/69 MP: 8/8
  4457 | D:8      | Reached skill level 8 in Axes
  4522 | D:8      | Reached skill level 5 in Shields
  4611 | D:8      | Reached * piety under Beogh
  4612 | D:8      | Reached skill level 9 in Axes
  4871 | D:7      | Reached XP level 9. HP: 75/75 MP: 9/9
  4917 | D:6      | Found a burning altar of Makhleb.
  4930 | D:6      | Found a bloodstained altar of Trog.
  4933 | D:6      | Found a sparkling altar of Nemelex Xobeh.
  4933 | D:6      | Found a broken altar of Ashenzari.
  4940 | D:6      | Found an iron altar of Okawaru.
  5275 | D:5      | Reached skill level 10 in Axes
  5299 | D:5      | Noticed Ijyb
  5317 | D:5      | Killed Ijyb
  5500 | D:5      | Found a staircase to the Ecumenical Temple.
  5595 | D:5      | Found Ewamof's Weapon Shop.
  5904 | D:5      | Reached ** piety under Beogh
  5905 | D:5      | Reached skill level 11 in Axes
  6416 | D:6      | Reached XP level 10. HP: 86/86 MP: 10/10
  6433 | D:6      | Found a white marble altar of Elyvilon.
  6596 | D:6      | Found a glowing silver altar of Zin.
  6597 | D:6      | Noticed an angel
  6778 | D:7      | Reached skill level 12 in Axes
  7075 | D:7      | Found Rof Piba's Jewellery Emporium.
  7248 | D:8      | Noticed Prince Ribbit
  7253 | D:8      | Killed Prince Ribbit
  7369 | D:8      | Reached *** piety under Beogh
  8104 | D:8      | Noticed Psyche
  8154 | D:8      | Killed Psyche
  8155 | D:8      | Reached skill level 1 in Evocations
  8226 | D:8      | Noticed Joseph
  8236 | D:8      | Killed Joseph
  8823 | D:9      | Noticed an ice dragon
  8824 | D:9      | Found a runed translucent door.
  8824 | D:9      | Noticed an ice dragon
  8824 | D:9      | Noticed a fire dragon
  8824 | D:9      | Noticed a fire dragon
  8825 | D:9      | Found the +2 shield of Resistance {rF++ rC++ Will++}
  8827 | D:9      | Found a runed translucent door.
  8847 | D:9      | Reached skill level 13 in Axes
  9631 | D:10     | Entered Level 10 of the Dungeon
  9653 | D:9      | Reached XP level 11. HP: 80/94 MP: 11/11
  9799 | D:10     | Found a staircase to the Lair.
 10082 | D:10     | Found a glowing golden altar of the Shining One.
 10126 | D:10     | Noticed Harold
 10155 | D:10     | Killed Harold
 10156 | D:10     | Reached skill level 14 in Axes
 10521 | D:10     | Noticed Fannar
 10540 | D:10     | Killed Fannar
 10782 | D:10     | Found a staircase to the Orcish Mines.
 10791 | D:10     | Reached **** piety under Beogh
 10992 | D:10     | Was placed under penance by Beogh
 11023 | D:10     | Noticed an orc warlord
 11033 | D:10     | Mangled by an ogre

Illustrated notes

Levels and vault maps discovered:
D:1:      arrival_zaba_pyramid, layout_basic
D:2:      layout_loops_ring, uniq_natasha
D:3:      layout_loops_corners, mainiacjoe_overflow_brackets,
          grunt_temple_overflow_growth_and_decay, hangedman_ru_absence
D:4:      layout_loops_ring, mainiacjoe_overflow_alcove_1, uniq_duvessa
D:5:      layout_cave_pods, minmay_temple_entry_arrows, serial_shops,
          nicolae_shop_behind_doors, serial_park_tiny_pond, minivault_11,
          minmay_divided_ellipse, uniq_ijyb
D:6:      layout_cave_pools, nicolae_overflow_hallway_of_the_gods, zin_angel,
          lemuel_round_altar
D:7:      layout_basic, serial_shops, shop, minmay_misc_feat_encased
D:8:      layout_loops_ring, serial_bayou, serial_bayou_lagoon_a,
          serial_bayou_crossing, serial_bayou_lagoon_b, serial_bayou_pond_d,
          serial_bayou_lake_a, hangedman_misty_isle, uniq_prince_ribbit1,
          uniq_psyche, uniq_joseph
D:9:      layout_loops_ring, minmay_guarded_unrand_resistance
D:10:     layout_roguey, nicolae_tso_carved_into_rock,
          due_lair_maze_entry_diamond, erik_orc_1, uniq_harold, uniq_fannar

Skill      XL: |  1  2  3  4  5  6  7  8  9 10 11 |
---------------+----------------------------------+-----
Axes           | 3 4 6 7 9 11 13 14 | 14.6
Fighting       | 4 5 6 7 8 |  8.5
Armour         | 4 5 6 7 8 9 |  9.2
Stealth        | 1 |  1.8
Dodging        | 1 2 3 4 |  4.5
Shields        | 4 5 6 7 8 |  8.6
Evocations     | 1 |  1.8

Action                     |  1- 3 |  4- 6 |  7- 9 | 10-12 || total
---------------------------+-------+-------+-------+-------++-------
  Melee: War axe           |   119 |   135 |   287 |   304 ||   845
  Throw: Javelin           |       |     1 |       |       ||     1
 Invoke: Convert to Beogh  |       |     1 |       |       ||     1
  Evoke: Wand              |       |     3 |       |    10 ||    13
    Use: Scroll            |       |     3 |    13 |     4 ||    20
         Potion            |       |     1 |     1 |     3 ||     5
   Stab: Distracted        |       |     1 |       |     1 ||     2
 Armour: Scale mail        |   114 |   138 |   190 |   208 ||   650
         Skin              |       |       |       |     1 ||     1
  Dodge: Dodged            |    98 |    59 |   111 |   123 ||   391
  Block: Buckler           |    36 |    40 |   155 |   134 ||   365
         Reflection        |       |       |     7 |     5 ||    12

Table legend: (Time is in decaauts)
 A = Elapsed time spent in this place.
 B = Non-inter-level travel time spent in this place.
 C = Inter-level travel time spent in this place.
 D = Time resting spent in this place.
 E = Time spent auto-exploring this place.
 F = Levels seen in this place.
 G = Mean time per level.
                   A        B        C        D        E       F      G
               +--------+--------+--------+--------+--------+-----+--------+
         Total |  11174 |  10906 |    268 |    862 |   7014 |  10 | 1117.4 |
       Dungeon |  11174 |  10906 |    268 |    862 |   7014 |  10 | 1117.4 |
               +--------+--------+--------+--------+--------+-----+--------+

Top non-repeatable levels by time:
     D:8: 1921 daAuts
     D:5: 1512 daAuts
    D:10: 1320 daAuts
     D:2: 1104 daAuts
     D:3: 1097 daAuts
     D:1: 1009 daAuts
     D:4: 991 daAuts
     D:9: 889 daAuts
     D:7: 828 daAuts
     D:6: 498 daAuts
